 Dungeon Crawl Stone Soup version 0.28-a0-1447-ga5a8893891 (webtiles) character file.

Game seed: 17150125314733811802

2400 siradein the Nimble (level 9, -2/66 HPs)
             Began as a Djinni Hedge Wizard on Jan 10, 2022.
             Was a Priest of Makhleb.
             Slain by a gnoll (5 damage)
             ... on level 7 of the Dungeon.
             The game lasted 00:24:40 (9213 turns).

siradein the Nimble (Djinni Hedge Wizard)           Turns: 9213, Time: 00:24:41

Health: -2/66      AC:  6    Str: 13    XL:     9   Next: 75%
Gold:   198        EV: 18    Int: 20    God:    Makhleb [***...] SH:  3 Dex: 13

rFire   + + .      SeeInvis +   g - +7 mace "Pitzejua" {vorpal, rCorr Str+4}
rCold   x . .      Faith    .   m - +0 buckler
rNeg    . . .      Spirit   .   w - +0 acid dragon scales
rPois   ∞          Reflect  .   c - +0 hat
rElec   .          Harm     .   (no cloak)
rCorr   +          Rampage  .   (no gloves)
Will    .....                   (boots unavailable)
Stlth   +.........              (no amulet)
HPRegen 0.21/turn               k - +4 ring of evasion
MPRegen 0.00/turn               q - ring of see invisible

@: flying, studying Dodging
A: sickness immunity, fire resistance 2, cold vulnerability 1, float, innate
caster, hp casting, extra vitality 1
a: Renounce Religion, Minor Destruction, Lesser Servant of Makhleb


You were on level 7 of the Dungeon.
You worshipped Makhleb.
Makhleb was most pleased with you.
You visited 2 branches of the dungeon, and saw 8 of its levels.
You also visited: Ossuary.

You collected 198 gold pieces.

Inventory:

Hand Weapons
 g - the +7 mace "Pitzejua" (weapon) {vorpal, rCorr Str+4}
   (You found it on level 2 of the Dungeon)

   It inflicts extra damage upon your enemies.
   Str:       It affects your strength (+4).
   rCorr:     It protects you from acid and corrosion.
Armour
 c - a +0 hat (worn)
 m - a +0 buckler (worn)
 w - +0 acid dragon scales (worn)
Jewellery
 k - a +4 ring of evasion (left hand)
 q - a ring of see invisible (right hand)
Wands
 l - a wand of mindburst (14)
 v - a wand of iceblast (14)
Scrolls
 a - 3 scrolls of acquirement
 b - a scroll of amnesia {unknown}
 f - 2 scrolls of brand weapon {unknown}
 h - 2 scrolls of fear
 j - a scroll of fog {unknown}
 o - a scroll of magic mapping {unknown}
 p - 4 scrolls of teleportation {unknown}
 t - a scroll of vulnerability {unknown}
 y - a scroll of enchant armour {unknown}
 A - 2 scrolls of immolation {unknown}
 C - a scroll of noise {unknown}
Potions
 e - a potion of flight {unknown}
 i - 3 potions of attraction
 n - 3 potions of might
 r - 3 potions of brilliance
 s - 2 potions of heal wounds
 u - a potion of ambrosia {unknown}
 x - a potion of haste {unknown}
 z - a potion of curing {unknown}
 B - 2 potions of invisibility
 D - a potion of cancellation {unknown}
 E - 2 potions of degeneration {unknown}


   Skills:
 + Level 6.0 Fighting
 + Level 9.5 Dodging
 - Level 1.5 Stealth
 * Level 7.2 Spellcasting


You couldn't memorise any spells.
You knew the following spells:

 Your Spells              Type           Power      Damage    Failure   Level
a - Magic Dart            Conj           100%       1d8       1%          1
b - Blink                 Tloc           72%        N/A       1%          2
c - Call Imp              Summ           36%        N/A       1%          2
d - Slow                  Hex            100%       N/A       1%          1
e - Conjure Flame         Conj/Fire      36%        6-21      3%          3
f - Mephitic Cloud        Conj/Pois/Air  36%        N/A       3%          3
g - Sting                 Tmut/Pois      100%       1d8       1%          1
h - Scorch                Fire           72%        2d8       1%          2
i - Summon Guardian Gole  Hex/Summ       36%        N/A       3%          3
j - Petrify               Tmut/Erth      36%        N/A       10%         4
Your spell library was empty.

Dungeon Overview and Level Annotations

Branches:
Dungeon (7/15)             Temple (1/1) D:4         Ossuary (visited)

Altars:
Ashenzari
Cheibriados
Dithmenos
Elyvilon
Fedhas
Gozag
Hepliaklqana
Kikubaaqudgha
Makhleb
Nemelex Xobeh
Okawaru
Qazlal
Sif Muna
Trog
Uskayaw
Vehumet
Wu Jian
Xom
Yredelemnul
Zin
The Shining One

Shops:
D:4 [

Annotations:
D:2 1 runed translucent door, Crazy Yiuf


Innate Abilities, Weirdness & Mutations

You are immune to sickness and miasma.
You are immune to poison.
Your flesh is very heat resistant. (rF++)
You are vulnerable to cold. (rC-)
You float through the air rather than walking.
You learn spells naturally, not from books.
Your magical power is your life essence.
You have superior vitality. (+4 MHP)


Message History

You can't see any susceptible monsters within range! (Use Z to cast anyway.)
You can't see any susceptible monsters within range! (Use Z to cast anyway.)
You can't see any susceptible monsters within range! (Use Z to cast anyway.)
You start resting.
HP restored.
You fly downwards.
The unseen horror completely misses you.
The ice beast hits you. The ice beast freezes you!
You feel a terrible chill! You block the kobold's attack.
The unseen horror hits you. The orc closely misses you. The phantom hits you.
The phantom blinks!
You blink.
You can't go up here!
Unknown command.
The phantom hits you! You block the unseen horror's attack.
The unseen horror barely misses you. You block the unseen horror's attack.
The unseen horror closely misses you.
The unseen horror hits you but does no damage.
The unseen horror misses you. x2
The unseen horror hits you but does no damage.
The unseen horror hits you. x2
The kobold hits you with a +0 short sword.
The gnoll completely misses you.
You closely miss the gnoll. The unseen horror misses you.
The unseen horror hits you! The gnoll completely misses you.
The kobold closely misses you. The kobold brigand closely misses you.
The gnoll misses you. The gnoll barely misses you.
You block the unseen horror's attack.
The kobold throws a stone.
The stone closely misses the unseen horror.
The stone hits you but does no damage. You block the unseen horror's attack.
The gnoll misses you.
The gnoll shouts!
You sock the gnoll!
The gnoll is severely wounded.
You block the unseen horror's attack.
The kobold brigand hits you with a +0 short sword.
The ice beast hits you. The ice beast freezes you!!
You feel a terrible chill!
* * * LOW HITPOINT WARNING * * *
The gnoll closely misses you. The gnoll hits you with a +0 club.
You die...

#.... .. ...# ...
..######.#. #..........
#######........).
..#............##..
..........Y........
#..oWK@.....# .#
#######.##xKgg.#.## .# #
........#...K.....# .#.#
......#......g..#.##.#.###
...............<#g....K..K
#.....#.#.......$...K....K
#.............####..)....K
#.....##..##### #<.......
####.....## #x)...K..


You could see an unseen horror (invisible), a phantom, an ice beast, a kobold
brigand, 3 gnolls, an orc and 2 kobolds.

Vanquished Creatures
  An acid dragon (D:6)
  3 sky beasts
  A necrophage (D:5)
  An orc warrior (D:6)
  3 ogres
  2 phantoms
  2 bullfrogs (D:4)
  6 scorpions
  A centaur zombie (Ossuary)
  A gnoll shaman (D:6)
  2 orc priests (D:6)
  2 jellies
  3 human zombies (Ossuary)
  3 iguanas
  4 scorpion zombies (Ossuary)
  2 orc wizards (D:6)
  Natasha (thrice) (D:2)
  A killer bee zombie (D:6)
  3 mummies (Ossuary)
  3 gnolls (D:6)
  6 adders
  A howler monkey skeleton (D:4)
  3 ufetubi
  2 adder skeletons
  6 worms
  2 dart slugs (D:1)
  13 orcs
  5 ball pythons
  4 bats
  8 endoplasms
  2 giant cockroaches
  5 goblins
  8 hobgoblins
  3 jackals (D:2)
  13 kobolds
  4 quokkas
  3 frilled lizards
  2 goblin zombies (Ossuary)
  3 hobgoblin zombies (Ossuary)
  2 kobold zombies (Ossuary)
  5 orc zombies (Ossuary)
  2 quokka zombies (D:6)
  5 rats
154 creatures vanquished.

Vanquished Creatures (collateral kills)
  A water moccasin (D:5)
1 creature vanquished.

Vanquished Creatures (others)
  A plant (D:7)
1 creature vanquished.

Grand Total: 156 creatures vanquished

Notes
Turn   | Place    | Note
-------+----------+-------------------------------------------
     0 | D:1      | siradein the Djinni Hedge Wizard began the quest for the
                  | Orb.
     0 | D:1      | Reached XP level 1. HP: 15/15 MP: 0/0
   517 | D:1      | Reached XP level 2. HP: 19/22 MP: 0/0
  1107 | D:1      | Reached skill level 1 in Fighting
  1107 | D:1      | Reached XP level 3. HP: 20/27 MP: 0/0
  1107 | D:1      | Learned a level 1 spell: Sting
  1469 | D:2      | Identified the +7 mace "Pitzejua" {vorpal, rCorr Str+4}
  2030 | D:2      | Reached XP level 4. HP: 27/32 MP: 0/0
  2152 | D:2      | Found a runed translucent door.
  2153 | D:2      | Noticed Crazy Yiuf
  2360 | D:2      | Noticed Natasha
  2363 | D:2      | Killed Natasha
  2364 | D:2      | Reached skill level 3 in Dodging
  2464 | D:2      | Noticed Natasha
  2472 | D:2      | Killed Natasha
  2473 | D:2      | Reached XP level 5. HP: 6/38 MP: 0/0
  2473 | D:2      | Learned a level 2 spell: Scorch
  2481 | D:2      | Noticed Natasha
  2743 | D:2      | Killed Natasha
  2789 | D:2      | Identified 3 scrolls of acquirement
  2789 | D:2      | Acquired a manual of Dodging
  2916 | D:3      | Found a faded altar of an unknown god.
  3647 | D:4      | Found a staircase to the Ecumenical Temple.
  3657 | Temple   | Entered the Ecumenical Temple
  3779 | Temple   | Became a worshipper of Makhleb the Destroyer
  3882 | D:4      | Noticed a bullfrog
  3890 | D:4      | Killed a bullfrog
  3891 | D:4      | Reached skill level 4 in Dodging
  3891 | D:4      | Reached XP level 6. HP: 18/45 MP: 0/0
  4378 | D:4      | Found Vorit's Antique Armour Shop.
  4431 | D:4      | Noticed an ogre
  4508 | D:4      | Killed an ogre
  4509 | D:4      | Reached skill level 5 in Dodging
  4509 | D:4      | Reached XP level 7. HP: 46/50 MP: 0/0
  4509 | D:4      | Learned a level 3 spell: Summon Guardian Golem
  5398 | D:5      | Entered Level 5 of the Dungeon
  5403 | D:5      | Noticed a water moccasin
  5414 | D:5      | Killed a water moccasin
  5415 | D:5      | Reached skill level 6 in Dodging
  5415 | D:5      | Reached skill level 5 in Spellcasting
  5415 | D:5      | Reached XP level 8. HP: 18/58 MP: 0/0
  5907 | D:5      | Reached * piety under Makhleb
  6694 | D:6      | Reached skill level 7 in Dodging
  7005 | D:6      | Found a sand-covered staircase.
  7014 | Ossuary  | Entered an ossuary
  7356 | Ossuary  | Reached ** piety under Makhleb
  7371 | Ossuary  | Reached skill level 5 in Fighting
  7371 | Ossuary  | Reached XP level 9. HP: 63/65 MP: 0/0
  7371 | Ossuary  | Learned a level 4 spell: Petrify
  7478 | Ossuary  | Reached skill level 8 in Dodging
  8201 | D:6      | Reached skill level 9 in Dodging
  8733 | D:6      | Reached *** piety under Makhleb
  9109 | D:7      | Noticed an unseen horror
  9213 | D:7      | HP: 3/66 [ice beast (21)]
  9213 | D:7      | Slain by a gnoll

Illustrated notes

Levels and vault maps discovered:
D:1:      psy_arrival_whirlpool, layout_loops_ring, grunt_decor_junction
D:2:      layout_loops_ring, uniq_natasha, uniq_crazy_yiuf_cottage
D:3:      layout_basic, shapermc_ecumenical_altar_venn, feat_on_display
D:4:      layout_gridville, minmay_temple_entry_stoned_glass, serial_shops,
          nicolae_shop_trees, kennysheep_donut
D:5:      layout_cave_pools, chequers_serial_rivers_large_a, nicolae_wormholes
D:6:      layout_cave_pools, enter_ossuary_4, hangedman_decor_clover_reticule,
          patterned_corridor
D:7:      layout_rooms, nicolae_ru_great_annihilating_truth, serial_bayou_lake_a
Temple:   kilobyte_greek_temple

Skill      XL: |  1  2  3  4  5  6  7  8  9 |
---------------+----------------------------+-----
Fighting       | 1 2 3 5 6 |  6.0
Spellcasting   | 3 4 5 6 7 |  7.2
Dodging        | 3 4 5 6 7 9 |  9.5
Stealth        | |  1.5

Action                   |  1- 3 |  4- 6 |  7- 9 || total
-------------------------+-------+-------+-------++-------
Melee: Mace              |     6 |    10 |    86 ||   102
 Cast: Magic Dart        |    73 |    71 |   299 ||   443
       Sting             |       |     5 |    27 ||    32
       Call Imp          |       |     1 |     3 ||     4
       Mephitic Cloud    |       |     1 |    10 ||    11
       Scorch            |       |       |     3 ||     3
       Summon Guardian G |       |       |     2 ||     2
       Conjure Flame     |       |       |     7 ||     7
  Use: Scroll            |       |     2 |     5 ||     7
Armor: Robe              |     2 |     4 |     1 ||     7
       Acid dragon scale |       |       |    31 ||    31
Dodge: Dodged            |    10 |    17 |   180 ||   207
Block: Buckler           |       |       |    35 ||    35

Table legend: (Time is in decaauts)
 A = Elapsed time spent in this place.
 B = Non-inter-level travel time spent in this place.
 C = Inter-level travel time spent in this place.
 D = Time resting spent in this place.
 E = Time spent auto-exploring this place.
 F = Levels seen in this place.
 G = Mean time per level.
                   A        B        C        D        E       F      G
               +--------+--------+--------+--------+--------+-----+--------+
         Total |   9264 |   9096 |    168 |   1111 |   6390 |   9 | 1029.3 |
       Dungeon |   8162 |   7994 |    168 |   1111 |   5626 |   7 | 1166.0 |
        Temple |    160 |    160 |      0 |      0 |    112 |   1 |  160.0 |
       Ossuary |    941 |    941 |      0 |      0 |    652 |   1 |  941.0 |
               +--------+--------+--------+--------+--------+-----+--------+

Top non-repeatable levels by time:
     D:4: 1879 daAuts
     D:1: 1662 daAuts
     D:5: 1359 daAuts
     D:6: 1325 daAuts
     D:2: 1174 daAuts
 Ossuary: 941 daAuts
     D:3: 733 daAuts
  Temple: 160 daAuts
     D:7: 27 daAuts
